 Dungeon Crawl Stone Soup version 0.26-b1-32-g5d43845318 (webtiles) character file.

Game seed: 10615281497225479823

104 inmateoo the Ruffian (level 4, -3/40 HPs)
             Began as a Ghoul Monk on Jan 13, 2021.
             Slain by Natasha (5 damage)
             ... on level 3 of the Dungeon.
             The game lasted 00:01:54 (1736 turns).

inmateoo the Ruffian (Ghoul Monk)                   Turns: 1736, Time: 00:01:55

Health: -3/40      AC:  9    Str: 12 (14) XL:     4   Next: 80%
Magic:  3/3        EV:  6    Int:  4 (6)  God:
Gold:   139        SH:  0    Dex: 10 (11) Spells: 3/3 levels left

rFire    . . .     SeeInvis .     - Unarmed
rCold    + . .     Faith    .   (no shield)
rNeg     + + +     Spirit   .   f - +1 chain mail
rPois    ∞         Reflect  .   (no helmet)
rElec    .         Harm     .   (no cloak)
rCorr    .         Rampage  .   (no gloves)
Will     .....                  (no boots)
Stlth    ..........             (no amulet)
HPRegen  0.00/turn              (no ring)
MPRegen  0.08/turn              (no ring)

@: no status effects
A: claws 1, cold resistance 1, negative energy resistance 3, inhibited
regeneration, torment resistance, unbreathing
a: no special abilities


You were on level 3 of the Dungeon.
You visited 1 branch of the dungeon, and saw 3 of its levels.

You collected 139 gold pieces.

Inventory:

Armour
 f - a +1 chain mail (worn)
Scrolls
 a - a scroll of magic mapping {unknown}
Potions
 b - 3 potions of degeneration
 g - a potion of haste {unknown}
 i - a potion of lignification {unknown}


   Skills:
 + Level 3.9 Fighting
 + Level 1.4 Armour
 + Level 3.2 Dodging
 - Level 2.1 Stealth
 * Level 4.5 Unarmed Combat


You had 3 spell levels left.
You didn't know any spells.
Your spell library was empty.

Dungeon Overview and Level Annotations

Branches:
Dungeon (3/15)

Altars:
Ru

Annotations:
D:2 Grinder
D:3 Natasha


Innate Abilities, Weirdness & Mutations

You thrive by killing the living.
You are immune to poison.
You have sharp fingernails.
Your flesh is cold resistant. (rC+)
You are immune to negative energy. (rN+++)
You do not regenerate when monsters are visible.
You are immune to unholy pain and torment.
You can survive without breathing.


Message History

Your chain mail prevents you from hitting Natasha.
Natasha completely misses you.
You closely miss Natasha. Natasha claws you but does no damage.
You scratch Natasha but do no damage. Natasha claws you but does no damage.
You closely miss Natasha. Natasha barely misses you.
You barely miss Natasha. Natasha claws you.
* * * LOW HITPOINT WARNING * * *
You scratch Natasha.
Natasha is moderately wounded.
Natasha claws you.
* * * LOW HITPOINT WARNING * * *
You aren't carrying any items that you can evoke.
Unknown command.
It was a potion of degeneration.
There was something very wrong with that liquid.
You feel weakened.
You feel dopey.
You feel clumsy.
Natasha mumbles some strange words.
Natasha shimmers violently.
Natasha claws you.
You die...

######## #......#
#......# #......#
#......#####
#.....gh@..#
..#.....g###......
.......<......####
..##..#.......# #.
..g#....# #
#...>..#.# #....##
.........#
........
....###.###
..g...## ...... .#


You could see Natasha, a hobgoblin and a goblin.

Vanquished Creatures
  4 gnolls
  An adder (D:2)
  A worm (D:2)
  4 dart slugs
  A leopard gecko (D:2)
  3 giant cockroaches
  4 goblins
  5 hobgoblins
  3 jackals (D:3)
  2 ball pythons
  6 bats
  6 frilled lizards
  4 kobolds
  5 rats
49 creatures vanquished.

Notes
Turn   | Place    | Note
-------+----------+-------------------------------------------
     0 | D:1      | inmateoo the Ghoul Monk began the quest for the Orb.
     0 | D:1      | Reached XP level 1. HP: 19/19 MP: 0/0
   125 | D:1      | Reached XP level 2. HP: 26/26 MP: 1/1
   623 | D:1      | Reached XP level 3. HP: 24/31 MP: 2/2
   988 | D:2      | Reached skill level 1 in Armour
   988 | D:2      | Reached skill level 4 in Unarmed Combat
  1025 | D:2      | Found a sacrificial altar of Ru.
  1323 | D:2      | Reached XP level 4. HP: 30/40 MP: 3/3
  1669 | D:3      | Noticed Grinder
  1681 | D:3      | Paralysed by Grinder for 7 turns
  1691 | D:3      | Paralysed by Grinder for 6 turns
  1715 | D:3      | Noticed Natasha
  1735 | D:3      | HP: 2/40 [Natasha (6)]
  1736 | D:3      | Slain by Natasha

Illustrated notes

Levels and vault maps discovered:
D:1:      lemuel_arrival_broad_hall, layout_basic
D:2:      layout_rooms, nicolae_ru_path_of_blood
D:3:      layout_basic, fiery_altar_vehumet, uniq_grinder, uniq_natasha

Skill      XL: |  1  2  3 |
---------------+----------+-----
Dodging        | 3 |  3.2
Armour         | 1 |  1.4
Unarmed Combat | 4 |  4.5
Fighting       | |  3.9
Stealth        | |  2.1

Action                   |  1- 3 |  4- 6 || total
-------------------------+-------+-------++-------
Melee: Unarmed           |   111 |    49 ||   160
       Punch             |     2 |     2 ||     4
  Use: Scroll            |     6 |     1 ||     7
       Potion            |       |     1 ||     1
 Stab: Sleeping          |     2 |       ||     2
Armor: Robe              |     1 |       ||     1
       Chain mail        |    65 |    38 ||   103
Dodge: Dodged            |    33 |    32 ||    65
